 Dungeon Crawl Stone Soup version 0.14-a0-2950-gbe29d66 (webtiles) character file.

27 Quh the Shooter (level 1, -1/15 HPs)
             Began as a Demonspawn Hunter on Mar 4, 2014.
             Slain by a goblin (3 damage)
             ... on Level 1 of the Dungeon.
             The game lasted 00:02:20 (300 turns).

Quh the Shooter (Demonspawn Hunter)                  Turns: 300, Time: 00:02:21

HP  -1/15        AC  4     Str 12      XL: 1   Next: 91%
MP   1/1         EV 11     Int 12      God:
Gold 20          SH  0     Dex 13      Spells:  0 memorised,  0 levels left

rFire  . . .     SeeInvis .     b - +1 bow
rCold  . . .     Clarity  .     d - +0 leather armour
rNeg   . . .     Conserve .     (no shield)
rPois  .         rCorr    .     (no helmet)
rElec  .         rRot     .     (no cloak)
SustAb . .       Spirit   .     (no gloves)
rMut   .         Warding  .     e - +0 pair of elf boots
Saprov . . .     Stasis   .     (no amulet)
MR     .....                    (no ring)
                                (no ring)

@: not resistant to hostile enchantments, fairly stealthy
A: no striking features
a: no special abilities


You were on level 1 of the Dungeon.
You were not hungry.

You visited 1 branch of the dungeon, and saw 1 of its levels.

You collected 20 gold pieces.

Inventory:

Hand weapons
 a - a +0,+0 short sword
 b - a +1,+1 bow (weapon)
Missiles
 c - 17 arrows (quivered)
Armour
 d - a +0 leather armour (worn)
 e - a +0 pair of elven boots (worn)
Comestibles
 f - a bread ration
Scrolls
 j - a scroll of identify {unknown}
Jewellery
 i - an uncursed ring of teleportation
Potions
 g - a potion of curing {unknown}


   Skills:
 - Level 1.0 Fighting
 * Level 4.0 Bows
 - Level 1.7 Dodging
 - Level 0.8 Stealth


You couldn't memorise any spells.
You didn't know any spells.

Dungeon Overview and Level Annotations

Branches:
Dungeon (1/16)

Altars:


Message History

The goblin hits you but does no damage.
b - a +1,+1 bow (weapon)
The goblin barely misses you.
Firing (i - inventory):
c - 20 arrows (quivered)
Press: ? - help, Shift-Dir - straight line, f - goblin
Aim: a goblin (lightly wounded)
You shoot an arrow. The arrow hits the goblin.
The goblin is moderately wounded.
The goblin hits you but does no damage.
Firing (i - inventory):
c - 19 arrows (quivered)
Press: ? - help, Shift-Dir - straight line, f/p - goblin
Aim: a goblin (moderately wounded)
You shoot an arrow. The arrow misses the goblin.
The goblin closely misses you.
Firing (i - inventory):
c - 18 arrows (quivered)
Press: ? - help, Shift-Dir - straight line, f/p - goblin
Aim: a goblin (lightly wounded)
You shoot an arrow. The arrow hits the goblin.
The goblin is heavily wounded.
The goblin hits you.
You die...

. ...
#..#######
#
#(..g@...#
###
##.#####.#
.... #.#
##### #.#
#...H #.#
#.≈≈≈ #.#
#.#
##.#.≈≈≈
#.# #.#
#..#.≈≈≈
####.# #.#
###..#.≈≈≈
....# #.#
......#.≈≈≈


You could see a goblin.

Vanquished Creatures
  A bat (D:1)
  A giant cockroach (D:1)
  2 kobolds (D:1)
  A ball python (D:1)
  A giant newt (D:1)
  A rat (D:1)
7 creatures vanquished.

Vanquished Creatures (others)
  A kraken (D:1)
  A ghoul (D:1)
  2 minotaurs (D:1)
  An elf (D:1)
  2 spriggans (D:1)
  A vampire (D:1)
  2 gargoyles (D:1)
  An ogre (D:1)
  2 mummies (D:1)
  2 kobolds (D:1)
  5 tentacles (D:1)
  11 tentacle segments (D:1)
31 creatures vanquished.

Grand Total: 38 creatures vanquished

Notes
Turn   | Place    | Note
--------------------------------------------------------------
     0 | D:1      | Quh, the Demonspawn Hunter, began the quest for the Orb.
     0 | D:1      | Reached XP level 1. HP: 15/15 MP: 1/1
     2 | D:1      | Noticed a minotaur
     2 | D:1      | Noticed a spriggan
     2 | D:1      | Noticed a gargoyle
     2 | D:1      | Noticed a minotaur
     2 | D:1      | Noticed a kraken
     2 | D:1      | Noticed a vampire
     2 | D:1      | Noticed a spriggan
     2 | D:1      | Noticed a gargoyle
     2 | D:1      | Noticed a minotaur
     2 | D:1      | Noticed an ogre
     2 | D:1      | Noticed a ghoul
     2 | D:1      | Noticed an elf
     3 | D:1      | Killed a gargoyle
     4 | D:1      | Killed an ogre
     4 | D:1      | Killed a gargoyle
     5 | D:1      | Killed a vampire
     5 | D:1      | Killed an elf
     8 | D:1      | Killed a ghoul
     9 | D:1      | Killed a minotaur
    10 | D:1      | Killed a spriggan
    11 | D:1      | Killed a spriggan
    12 | D:1      | Killed a minotaur
    13 | D:1      | Killed a kraken
   290 | D:1      | Reached skill level 4 in Bows
   300 | D:1      | Slain by a goblin

Action                   || total
-------------------------++-------
Melee: Short sword       ||    41
 Fire: Bow               ||     4
  Use: Scroll            ||     2
